 Dungeon Crawl Stone Soup version 0.31-a0-255-g9c3d1c461a (webtiles) character file.

Game seed: 6311373645056580499

21942 qw the Marksminotaur (level 12, -2/107 HPs)
             Began as a Minotaur Hexslinger on July 12, 2023.
             Was a High Priest of Okawaru.
             Slain by a polar bear (3 damage)
             ... on level 3 of the Lair of Beasts.
             The game lasted 00:05:00 (10590 turns).

qw the Marksminotaur (Minotaur Hexslinger)         Turns: 10590, Time: 00:05:00

Health: -2/107     AC: 16    Str: 22    XL:     12   Next: 58%
Magic:  18/18      EV: 18    Int: 10    God:    Okawaru [*****.]
Gold:   707        SH:  0    Dex: 17    Spells: 12/13 levels left

rFire   . . .        Y - +1 longbow
rCold   . . .        (shield currently unavailable)
rNeg    . . .        e - +2 ring mail of Cowardice {rPois Regen+ Str-3 Dex+3}
rPois   +            (helmet restricted)
rElec   .            n - +0 cloak of the Lost Path {Slay+3}
rCorr   .            o - +0 pair of gloves
SInv    .            m - +2 pair of boots of Resilience {Str+5 Dex-3}
Will    .....        b - amulet of faith
Stlth   ++           i - +6 ring of strength
HPRegen 1.17/turn    f - +4 ring of slaying {mikee}
MPRegen 0.16/turn

%: faith
@: about to teleport, heroic
A: horns 2, retaliatory headbutt
a: Renounce Religion, Heroism, Finesse, Duel


You were on level 3 of the Lair of Beasts.
You worshipped Okawaru.
Okawaru was extremely pleased with you.
You visited 2 branches of the dungeon, and saw 14 of its levels.
You also visited: Sewer.

You collected 861 gold pieces.
You spent 154 gold pieces at shops.


Innate Abilities, Weirdness & Mutations

You have a pair of horns on your head.
You reflexively headbutt those who attack you in melee.


   Skills:
 + Level 10.3(15.3) Fighting
 - Level 16.0(21.0) Ranged Weapons
 - Level 6.2(11.2) Armour
 - Level 7.1(12.1) Dodging
 - Level 1.0 Spellcasting
 - Level 2.0 Hexes
 - Level 10.0 Invocations


You had 12 spell levels left.
You knew the following spells:

 Your Spells              Type           Power      Damage    Failure   Level
a - Slow                  Hex            16%        N/A       22%         1

Your spell library contained the following spells:

 Spells                   Type           Power      Damage    Failure   Level
 Inner Flame              Hex/Fire       2%         N/A       69%         3
 Portal Projectile        Hex/Tloc       4%         N/A       69%         3
 Cause Fear               Hex            2%         N/A       91%         4

Inventory:

Hand Weapons
 Y - a +1 longbow (weapon)
Armour
 e - the +2 ring mail of Cowardice (worn) {rPois Regen+ Str-3 Dex+3}
   (You found it on level 2 of the Dungeon)

   Str:       It affects your strength (-3).
   Dex:       It affects your dexterity (+3).
   rPois:     It protects you from poison.
   Regen:     It increases your rate of health regeneration.
 m - the +2 pair of boots of Resilience (worn) {Str+5 Dex-3}
   (You found it on level 3 of the Dungeon)

   Str:       It affects your strength (+5).
   Dex:       It affects your dexterity (-3).
 n - the +0 cloak of the Lost Path (worn) {Slay+3}
   (You acquired it on level 4 of the Dungeon)

   Slay:      It affects your accuracy & damage with ranged weapons and melee
   (+3).
 o - a +0 pair of gloves (worn)
 t - the scarf "Zeijyak" {shadows, rF+}
   (Okawaru gifted it to you on level 2 of the Lair of Beasts)

   rF:        It protects you from fire.
Jewellery
 b - an amulet of faith (around neck)
 d - a ring of fire
 f - a +4 ring of slaying (right hand) {mikee}
 i - a +6 ring of strength (left hand)
 p - a ring of poison resistance
Scrolls
 g - 4 scrolls of identify
Potions
 a - 3 potions of curing
 c - a potion of resistance
 h - 2 potions of mutation
 j - 2 potions of enlightenment
 k - 4 potions of might
 q - 2 potions of heal wounds
 r - a potion of haste

Dungeon Overview and Level Annotations

Branches:
Dungeon (10/15)            Temple (0/1) D:6            Lair (4/5) D:9
  Swamp (0/4) Lair:2        Snake (0/4) Lair:2          Orc (0/2) D:10
  Sewer (visited)
  Slime: Lair:4-5

Altars:
Nemelex Xobeh
Okawaru
Ru
Trog
The Shining One

Shops:
D:4 *[   D:5 !

Annotations:
D:5 1 runed translucent door, Crazy Yiuf
D:7 1 transporter


Message History

The skyshark bites you!! The skyshark tail-slaps you.
The skyshark tail-slaps you!
10587 ||| STAIRDANCE The bullfrog hits you but does no damage.
The polar bear barely misses you. You furiously retaliate!
You headbutt the polar bear! The polar bear misses you.
The polar bear claws you but does no damage.
The skyshark barely misses you. You furiously retaliate!
You headbutt the skyshark! The skyshark closely misses you. x2
The cane toad misses you.
You climb upwards.
There is a stone staircase leading down here.
Enter note:
Enter note:
Enter note:
Enter note:
Enter note:
Enter note:
Enter note:
Enter note:
Enter note:
Enter note:
Enter note:
Enter note: You shoot an arrow.
The arrow barely misses the skyshark.
The bullfrog hits you. The skyshark bites you!
The skyshark tail-slaps you but does no damage.
The skyshark tail-slaps you! The polar bear completely misses you.
The polar bear misses you.
The polar bear claws you but does no damage.
The cane toad completely misses you. You furiously retaliate!
You headbutt the cane toad.
10590 ||| READING scroll of teleportation.
As you read the scroll of teleportation, it crumbles to dust.
You feel strangely unstable. The bullfrog misses you. You furiously retaliate!
You headbutt the bullfrog.
The skyshark bites you but does no damage.
The skyshark completely misses you. The skyshark closely misses you.
The polar bear bites you! The polar bear claws you.
You die...

........# #...#....## ##...
##.....## ##........######P...
####..### #######..##.#....##
###.#..# ##......##### ##.....P#
#.......#
##...#...###########.###.### ###
#..............#.P#.## #.## ##.#
P.###.#.........FF..####.P####...
..# #..........l@h##.#P#.........
.####..P#...##.....##......###..P
.##...###.........##........###..
#....#.#....#........####...#....
###?.####...##....>..###......./.
# ##...##....#........#####....#.
# #..####........###.## ####..# #
#..####.#......##...#### ##.P#
##...####...##...##..#.# #..##


You could see a skyshark (berserk), a polar bear, a cane toad and a bullfrog.

Vanquished Creatures
  3 catoblepae
  A hydra (Lair:3)
  A two-headed ogre (D:9)
  Erica (D:10)
  Amaemon (Lair:3)
  Pikel (D:8)
  2 black mambas
  An orange demon (Lair:3)
  3 cane toads
  Psyche (D:8)
  3 rime drakes
  9 komodo dragons
  Maggie (D:7)
  2 trolls
  7 blink frogs
  Prince Ribbit (D:7)
  6 dream sheep (Lair:3)
  A shadow (D:10)
  A wraith (D:10)
  16 yaks
  A wyvern (Lair:4)
  A vampire (D:9)
  Eustachio (D:4)
  A steam dragon (D:9)
  2 basilisks
  Grum (D:8)
  2 nagas (Lair:2)
  6 water moccasins
  4 orc warriors
  An ice beast (D:6)
  15 wolves
  3 centaurs (D:9)
  A lemure (D:8)
  4 phantoms
  12 bullfrogs
  12 wights
  A howler monkey (D:9)
  4 hounds
  3 jellies
  2 gnoll boudas (D:4)
  3 orc priests
  2 sleepcaps
  Jessica (D:2)
  4 iguanas
  9 orc wizards
  10 gnolls (D:4)
  4 adders
  2 shadow imps
  A white imp (D:6)
  4 dart slugs
  36 orcs
  10 ball pythons
  13 endoplasms
  18 giant cockroaches
  10 goblins
  7 hobgoblins
  10 jackals
  10 quokkas
  5 bats
  12 frilled lizards
  7 kobolds
  2 rats (D:2)
319 creatures vanquished.

Notes
Turn   | Place    | Note
-------+----------+-------------------------------------------
     0 | D:1      | qw the Minotaur Hexslinger began the quest for the Orb.
     0 | D:1      | Reached XP level 1. HP: 16/16 MP: 1/1
     0 | D:1      | 0 ||| qw: Version: 0.3-a-52-g30416fa
     0 | D:1      | 0 ||| qw: Game counter: 6673
     0 | D:1      | 0 ||| qw: Melee chars always use a shield: true
     0 | D:1      | 0 ||| qw: God list: Okawaru
     0 | D:1      | 0 ||| qw: Allow faded altars: false
     0 | D:1      | 0 ||| qw: Do Orc after clearing Dungeon:15 true
     0 | D:1      | 0 ||| qw: Do second Lair branch before Depths: true
     0 | D:1      | 0 ||| qw: Lair rune preference: random
     0 | D:1      | 0 ||| qw: Goals: Normal
     0 | D:1      | 0 ||| PLANNING D:1-11
    72 | D:1      | Found a faded altar of an unknown god.
    99 | D:1      | Reached skill level 3 in Ranged Weapons
   220 | D:1      | Reached XP level 2. HP: 23/23 MP: 2/2
   637 | D:1      | 637 ||| READING scroll labelled REHUAM TU PUC.
   638 | D:1      | 638 ||| READING 2 scrolls labelled XIEGGO JOEWEC.
   639 | D:1      | 639 ||| READING scroll labelled ZENOAH BISEO.
   640 | D:1      | 640 ||| DROPPING scroll of poison.
   663 | D:2      | 663 ||| STAIRDANCE
   668 | D:1      | Reached XP level 3. HP: 15/29 MP: 3/3
   733 | D:2      | Noticed Jessica
   741 | D:2      | Killed Jessica
   742 | D:2      | Reached skill level 4 in Ranged Weapons
   780 | D:2      | Identified the +2 ring mail "Nocich" {rN++}
   872 | D:2      | 872 ||| FLEEEEING.
   876 | D:2      | 876 ||| STAIRDANCE
   894 | D:1      | 894 ||| UPGRADING to +2 ring mail "Nocich" {rN++}.
   904 | D:1      | 904 ||| DROPPING +0 robe.
   905 | D:1      | 905 ||| UPGRADING to +6 ring of strength.
   906 | D:1      | 906 ||| READING scroll labelled XEFRYEFFAI.
  1007 | D:1      | 1007 ||| READING 3 scrolls of identify.
  1007 | D:1      | 1007 ||| IDENTIFYING red potion
  1008 | D:1      | 1008 ||| READING 2 scrolls of identify.
  1008 | D:1      | 1008 ||| IDENTIFYING viscous dark potion
  1009 | D:1      | 1009 ||| DROPPING potion of degeneration.
  1059 | D:2      | Reached XP level 4. HP: 34/36 MP: 4/4
  1060 | D:2      | 1060 ||| Stepping ~*~*~tactically~*~*~ (outnumbered).
  1090 | D:2      | 1090 ||| FLEEEEING.
  1091 | D:2      | 1091 ||| FLEEEEING.
  1092 | D:2      | 1092 ||| FLEEEEING.
  1093 | D:2      | 1093 ||| STAIRDANCE
  1232 | D:2      | Identified the +2 ring mail of Cowardice {rPois Regen+
                  | Str-3 Dex+3}
  1383 | D:2      | 1383 ||| UPGRADING to +2 ring mail of Cowardice {rPois
                  | Regen+ Str-3 Dex+3}.
  1393 | D:2      | 1393 ||| DROPPING +2 ring mail "Nocich" {rN++}.
  1394 | D:2      | 1394 ||| READING scroll labelled IFUMUE ZOECEJ.
  1504 | D:3      | Identified the +6 mace of Desperation {heavy, Str+3 Stlth+}
  1513 | D:3      | Reached skill level 1 in Armour
  1543 | D:3      | Found an iron altar of Okawaru.
  1544 | D:3      | 1544 ||| PLANNING OKAWARU WORSHIP
  1544 | D:3      | 1544 ||| READING 2 scrolls of identify.
  1544 | D:3      | 1544 ||| IDENTIFYING cyan potion
  1550 | D:3      | Became a worshipper of Warmaster Okawaru
  1551 | D:3      | 1551 ||| PLANNING D:1-11
  1600 | D:3      | Reached skill level 5 in Ranged Weapons
  1754 | D:3      | Reached skill level 3 in Fighting
  1754 | D:3      | Reached XP level 5. HP: 43/45 MP: 5/5
  1952 | D:3      | Identified the +2 pair of boots of Resilience {Str+5 Dex-3}
  2080 | D:3      | 2080 ||| UPGRADING to +2 pair of boots of Resilience {Str+5
                  | Dex-3}.
  2085 | D:3      | 2085 ||| READING scroll labelled URROIDU LOEKKO.
  2086 | D:3      | 2086 ||| DRINKING 2 golden potions.
  2151 | D:4      | 2151 ||| Stepping ~*~*~tactically~*~*~ (outnumbered).
  2165 | D:4      | 2165 ||| Stepping ~*~*~tactically~*~*~ (outnumbered).
  2174 | D:4      | HP: 5/45 [gnoll/+0 spear[a gnoll bouda] (7)]
  2175 | D:4      | 2175 ||| DRINKING potion of heal wounds.
  2184 | D:4      | HP: 11/45 [gnoll/+0 spear[a gnoll bouda] (3)]
  2191 | D:4      | HP: 8/45 [gnoll/+0 spear[a gnoll bouda] (3)]
  2199 | D:4      | Reached skill level 6 in Ranged Weapons
  2289 | D:4      | Found Riem Hici's Elemental Accessories.
  2357 | D:4      | Found Myalu's Antique Armour Boutique.
  2427 | D:4      | Noticed Eustachio
  2431 | D:4      | Reached * piety under Okawaru
  2432 | D:4      | Reached XP level 6. HP: 51/51 MP: 6/6
  2432 | D:4      | 2432 ||| INVOKING Heroism.
  2466 | D:4      | Killed Eustachio
  2467 | D:4      | 2467 ||| INVOKING Heroism.
  2982 | D:4      | 2982 ||| UPGRADING to amulet of faith.
  2987 | D:4      | 2987 ||| READING scroll labelled GUT VOFUYS.
  2987 | D:4      | Identified a scroll of acquirement
  2987 | D:4      | 2987 ||| ACQUIRING +0 cloak of the Lost Path {Slay+3}
  2987 | D:4      | Acquired the +0 cloak of the Lost Path {Slay+3}
  2989 | D:4      | 2989 ||| UPGRADING to +0 cloak of the Lost Path {Slay+3}.
  2994 | D:4      | 2994 ||| READING 4 scrolls of identify.
  2994 | D:4      | 2994 ||| IDENTIFYING amethyst potion
  2995 | D:4      | 2995 ||| READING 3 scrolls of identify.
  2995 | D:4      | 2995 ||| IDENTIFYING fuming sapphire potion
  2996 | D:4      | 2996 ||| READING 2 scrolls of identify.
  2996 | D:4      | 2996 ||| IDENTIFYING fizzy black potion
  2997 | D:4      | 2997 ||| DROPPING potion of brilliance.
  2998 | D:4      | 2998 ||| DROPPING potion of berserk rage.
  3014 | D:5      | Entered Level 5 of the Dungeon
  3015 | D:5      | 3015 ||| PLANNING SEWER
  3020 | D:5      | 3020 ||| INVOKING Heroism.
  3024 | D:5      | Reached XP level 7. HP: 61/61 MP: 4/7
  3102 | D:5      | Reached skill level 7 in Ranged Weapons
  3147 | D:5      | Found Qacilu's Distillery.
  3162 | D:5      | Reached skill level 1 in Invocations
  3203 | D:5      | 3203 ||| SWAPPING to +0 longbow.
  3204 | D:5      | 3204 ||| DROPPING +1 sling.
  3217 | D:5      | 3217 ||| SHOPLISTING 2 potions of magic (224 gold, have
                  | 155).
  3217 | D:5      | 3217 ||| BUYING potion of cancellation (112 gold).
  3217 | D:5      | Bought a potion of cancellation for 112 gold pieces
  3217 | D:5      | 3217 ||| BUYING potion of curing (42 gold).
  3217 | D:5      | Bought a potion of curing for 42 gold pieces
  3217 | D:5      | 3217 ||| SHOPLISTING potion of curing (42 gold, have 1).
  3217 | D:5      | 3217 ||| SHOPLISTING potion of enlightenment (70 gold, have
                  | 1).
  3217 | D:5      | 3217 ||| SHOPLISTING potion of heal wounds (70 gold, have
                  | 1).
  3217 | D:5      | 3217 ||| SHOPLISTING potion of magic (112 gold, have 1).
  3245 | D:5      | Found a runed translucent door.
  3246 | D:5      | Noticed Crazy Yiuf
  3290 | D:5      | 3290 ||| INVOKING Heroism.
  3345 | D:5      | Reached skill level 3 in Invocations
  3361 | D:5      | 3361 ||| INVOKING Heroism.
  3385 | D:5      | Found a glowing drain.
  3386 | D:5      | 3386 ||| READING scroll labelled RULUES FUANUTE.
  3387 | D:5      | 3387 ||| READING 3 scrolls of identify.
  3387 | D:5      | 3387 ||| IDENTIFYING brown potion
  3395 | D:5      | 3395 ||| READING 2 scrolls of identify.
  3395 | D:5      | 3395 ||| IDENTIFYING bubbling grey potion
  3396 | D:5      | 3396 ||| DROPPING potion of invisibility.
  3413 | Sewer    | Entered a sewer
  3510 | Sewer    | Reached XP level 8. HP: 68/68 MP: 9/9
  3572 | Sewer    | 3572 ||| Stepping ~*~*~tactically~*~*~ (water).
  3612 | Sewer    | Reached skill level 8 in Ranged Weapons
  3620 | Sewer    | Identified the +6 hand axe "Yleosox" {protect, rC+ Will+
                  | Str+3}
  3813 | Sewer    | 3813 ||| READING scroll labelled LEJIAX WEMMO.
  3890 | D:5      | 3890 ||| PLANNING D:1-11
  4067 | D:5      | 4067 ||| INVOKING Heroism.
  4379 | D:6      | Reached skill level 3 in Dodging
  4461 | D:6      | Found a staircase to the Ecumenical Temple.
  4515 | D:6      | 4515 ||| Stepping ~*~*~tactically~*~*~ (outnumbered).
  4517 | D:6      | 4517 ||| INVOKING Heroism.
  4534 | D:6      | Found a bloodstained altar of Trog.
  4645 | D:6      | Reached skill level 9 in Ranged Weapons
  4653 | D:6      | 4653 ||| INVOKING Heroism.
  4761 | D:6      | Reached ** piety under Okawaru
  4818 | D:6      | 4818 ||| READING scroll labelled MADOGU BAODA.
  4819 | D:6      | 4819 ||| DRINKING 2 green potions.
  4820 | D:6      | 4820 ||| DROPPING potion of attraction.
  4850 | D:7      | Found a sparkling altar of Nemelex Xobeh.
  4850 | D:7      | Found a transporter.
  4850 | D:7      | Noticed a brown ugly thing
  4918 | D:7      | Reached skill level 6 in Fighting
  4922 | D:7      | 4922 ||| INVOKING Heroism.
  4981 | D:7      | 4981 ||| INVOKING Heroism.
  4992 | D:7      | 4992 ||| DRINKING 4 potions of curing.
  4992 | D:7      | 4992 ||| (to cure confusion)
  5007 | D:7      | Reached skill level 10 in Ranged Weapons
  5007 | D:7      | Reached XP level 9. HP: 75/75 MP: 11/11
  5036 | D:7      | Found a flagged portal.
  5105 | D:7      | You fall into a shaft and drop 3 floors!
  5105 | D:10     | Entered Level 10 of the Dungeon
  5197 | D:10     | Noticed Erica
  5198 | D:10     | 5198 ||| INVOKING Heroism.
  5207 | D:10     | Killed Erica
  5208 | D:10     | Reached skill level 6 in Armour
  5317 | D:10     | Found a staircase to the Orcish Mines.
  5318 | D:10     | 5318 ||| INVOKING Heroism.
  5350 | D:10     | Reached *** piety under Okawaru
  5372 | D:10     | 5372 ||| UPGRADING to +0 pair of gloves.
  5377 | D:10     | 5377 ||| READING scroll labelled WOEWYT DAFFI.
  5534 | D:9      | 5534 ||| INVOKING Heroism.
  5545 | D:9      | 5545 ||| DRINKING 3 potions of curing.
  5545 | D:9      | 5545 ||| (to cure confusion)
  5554 | D:9      | Reached skill level 11 in Ranged Weapons
  5624 | D:7      | Found a sacrificial altar of Ru.
  5640 | D:7      | Received a gift from Okawaru
  5694 | D:7      | Found a glowing golden altar of the Shining One.
  5767 | D:7      | Noticed Prince Ribbit
  5768 | D:7      | 5768 ||| INVOKING Heroism.
  5772 | D:7      | Killed Prince Ribbit
  5807 | D:7      | Noticed Maggie
  5813 | D:7      | Killed Maggie
  5814 | D:7      | Reached XP level 10. HP: 86/86 MP: 12/12
  6071 | D:8      | Noticed Psyche
  6072 | D:8      | 6072 ||| DRINKING potion of cancellation.
  6073 | D:8      | 6073 ||| INVOKING Heroism.
  6089 | D:8      | Killed Psyche
  6089 | D:8      | Reached **** piety under Okawaru
  6090 | D:8      | Reached skill level 12 in Ranged Weapons
  6141 | D:8      | Noticed Grum
  6142 | D:8      | 6142 ||| INVOKING Heroism.
  6157 | D:8      | Killed Grum
  6189 | D:8      | 6189 ||| INVOKING Heroism.
  6368 | D:8      | 6368 ||| READING scroll labelled FITAG IDADIDUO.
  6405 | D:8      | 6405 ||| READING 2 scrolls of identify.
  6405 | D:8      | 6405 ||| IDENTIFYING bubbling red potion
  6406 | D:8      | 6406 ||| DROPPING potion of lignification.
  6505 | D:8      | Noticed Pikel
  6505 | D:8      | 6505 ||| INVOKING Heroism.
  6516 | D:8      | Killed Pikel
  6933 | D:8      | 6933 ||| UPGRADING to +4 ring of slaying {mikee}.
  6934 | D:8      | 6934 ||| READING scroll labelled RULOAH RUEDO.
  7209 | D:9      | 7209 ||| Stepping ~*~*~tactically~*~*~ (outnumbered).
  7296 | D:9      | Found a staircase to the Lair.
  7298 | D:9      | 7298 ||| INVOKING Heroism.
  7304 | D:9      | Reached skill level 6 in Invocations
  7348 | D:9      | 7348 ||| INVOKING Heroism.
  7478 | D:9      | Reached ***** piety under Okawaru
  7514 | D:9      | Noticed a two-headed ogre
  7515 | D:9      | 7515 ||| INVOKING Heroism.
  7520 | D:9      | Killed a two-headed ogre
  7520 | D:9      | Received a gift from Okawaru
  7645 | D:9      | 7645 ||| PLANNING LAIR
  7678 | Lair:1   | Entered Level 1 of the Lair of Beasts
  7684 | Lair:1   | 7684 ||| INVOKING Heroism.
  7690 | Lair:1   | Reached skill level 13 in Ranged Weapons
  7725 | Lair:1   | Reached XP level 11. HP: 92/94 MP: 15/15
  7758 | Lair:1   | Noticed a catoblepas
  7759 | Lair:1   | 7759 ||| INVOKING Heroism.
  7764 | Lair:1   | 7764 ||| Stepping ~*~*~tactically~*~*~ (cloud).
  7766 | Lair:1   | 7766 ||| Stepping ~*~*~tactically~*~*~ (cloud).
  7769 | Lair:1   | 7769 ||| Stepping ~*~*~tactically~*~*~ (cloud).
  7773 | Lair:1   | Killed a catoblepas
  7816 | Lair:1   | 7816 ||| INVOKING Heroism.
  7953 | Lair:1   | 7953 ||| INVOKING Heroism.
  7960 | Lair:1   | Reached skill level 9 in Fighting
  8007 | Lair:1   | 8007 ||| INVOKING Heroism.
  8014 | Lair:1   | Reached skill level 6 in Dodging
  8052 | Lair:1   | 8052 ||| INVOKING Heroism.
  8409 | Lair:2   | 8409 ||| STAIRDANCE
  8423 | Lair:2   | Reached skill level 9 in Invocations
  8476 | Lair:2   | Identified the scarf "Zeijyak" {shadows, rF+} (Okawaru
                  | gifted it to you on level 2 of the Lair of Beasts)
  8476 | Lair:2   | Received a gift from Okawaru
  8481 | Lair:2   | Found a staircase to the Snake Pit.
  8509 | Lair:2   | 8509 ||| INVOKING Heroism.
  8537 | Lair:2   | Found a staircase to the Swamp.
  8666 | Lair:2   | 8666 ||| INVOKING Heroism.
  8738 | Lair:2   | Noticed a catoblepas
  8739 | Lair:2   | 8739 ||| INVOKING Heroism.
  8740 | Lair:2   | 8740 ||| INVOKING Finesse.
  8748 | Lair:2   | Killed a catoblepas
  8749 | Lair:2   | Reached skill level 14 in Ranged Weapons
  8859 | Lair:2   | 8859 ||| INVOKING Heroism.
  9249 | Lair:2   | 9249 ||| DROPPING ring of wizardry.
  9264 | Lair:3   | Noticed Amaemon
  9265 | Lair:3   | 9265 ||| INVOKING Heroism.
  9275 | Lair:3   | Killed Amaemon
  9308 | Lair:3   | 9308 ||| INVOKING Heroism.
  9313 | Lair:3   | Reached XP level 12. HP: 106/106 MP: 15/18
  9489 | Lair:3   | 9489 ||| FLEEEEING.
  9490 | Lair:3   | 9490 ||| FLEEEEING.
  9491 | Lair:3   | 9491 ||| FLEEEEING.
  9495 | Lair:3   | 9495 ||| INVOKING Heroism.
  9677 | Lair:3   | 9677 ||| INVOKING Heroism.
  9686 | Lair:3   | Reached skill level 15 in Ranged Weapons
  9739 | Lair:3   | Noticed a catoblepas
  9740 | Lair:3   | 9740 ||| INVOKING Heroism.
  9741 | Lair:3   | 9741 ||| INVOKING Finesse.
  9742 | Lair:3   | 9742 ||| Stepping ~*~*~tactically~*~*~ (cloud).
  9747 | Lair:3   | Killed a catoblepas
  9893 | Lair:3   | 9893 ||| INVOKING Heroism.
  9961 | Lair:3   | Noticed an eight-headed hydra
  9962 | Lair:3   | 9962 ||| INVOKING Heroism.
 10019 | Lair:3   | 10019 ||| INVOKING Heroism.
 10025 | Lair:3   | Killed an eight-headed hydra
 10225 | Lair:3   | Reached skill level 16 in Ranged Weapons
 10534 | Lair:3   | 10534 ||| READING scroll labelled SUNAITOIJE.
 10577 | Lair:4   | 10577 ||| INVOKING Heroism.
 10587 | Lair:4   | 10587 ||| STAIRDANCE
 10589 | Lair:3   | HP: 19/107 [skyshark (16)]
 10590 | Lair:3   | 10590 ||| READING scroll of teleportation.
 10590 | Lair:3   | HP: 1/107 [polar bear (10)]
 10590 | Lair:3   | Slain by a polar bear

Levels and vault maps discovered:
D:1:      nzn_arrival_depleted_hourglass, layout_basic,
          ebering_ecumenical_altar_abandoned, serial_forest,
          infiniplex_forest_lined_3, infiniplex_forest_straight_2,
          infiniplex_forest_clump_diagonal, infiniplex_forest_straight_2,
          infiniplex_forest_lined_corner, infiniplex_forest_lined_2,
          minmay_crystal_room
D:2:      layout_rooms, uniq_jessica
D:3:      layout_loops_ring, okawaru_trees_2
D:4:      layout_loops_ring, serial_shops, shop, nicolae_elemental_shop,
          hangedman_decor_slide_cut, uniq_eustachio
D:5:      layout_rooms, gup_sewer_entry_glass, serial_shops,
          nicolae_shop_statue_plus, uniq_crazy_yiuf_cottage
D:6:      layout_gridville, mainiacjoe_overflow_concentric_impassable,
          minmay_temple_entry_tees
D:7:      layout_gridville, nicolae_overflow_hidden_temple,
          nicolae_tso_swordbearing_angel, grunt_nemelex_the_gamble,
          enter_bailey_5, uniq_prince_ribbit1, uniq_maggie
D:8:      layout_basic, skrybe_limestone_x, abandoned_shop, uniq_psyche,
          uniq_grum, uniq_pikel
D:9:      layout_irregular_city, david_lair_shrubbed
D:10:     layout_stronghold, david_orc_2, serial_shops, shop,
          hangedman_abyss_or_decor_stabs, nicolae_shop_i_like_small_books_too,
          glass_columns_c, hellmonk_guarded_unrand_vines, uniq_erica
Lair:1:   layout_chaotic_city, lemuel_fruit_tree, grunt_megastairs_5
Lair:2:   layout_chaotic_city, swamp_mist, guppyfry_snake_entry_island,
          portal_ice_cave_entry_pillars_2, lemuel_fruit_fields
Lair:3:   layout_layer_cave, uniq_amaemon
Lair:4:   layout_misc_corridors, slime_entry_1, serial_bayou_shore_a,
          grunt_megastairs_4

Skill      XL: |  1  2  3  4  5  6  7  8  9 10 11 12 |
---------------+-------------------------------------+-----
Ranged Weapons | 3 4 5 6 7 10 11 13 14 16 | 16.0
Fighting       | 2 3 5 6 7 8 10 | 10.3
Armour         | 1 2 6 |  6.2
Invocations    | 3 4 7 10 | 10.0
Dodging        | 3 4 5 6 7 |  7.1
Spellcasting   | |  1.0
Hexes          | |  2.0

Action                     |  1- 3 |  4- 6 |  7- 9 | 10-12 || total
---------------------------+-------+-------+-------+-------++-------
   Fire: Sling             |    98 |   273 |    47 |       ||   418
         Longbow           |       |       |   243 |   431 ||   674
 Invoke: Heroism           |       |     3 |    11 |    26 ||    40
         Finesse           |       |       |       |     2 ||     2
    Use: Scroll            |     6 |     7 |     6 |     5 ||    24
         Potion            |       |     2 |     3 |     1 ||     6
 Armour: Robe              |     6 |       |       |       ||     6
         Ring mail         |       |   120 |    52 |    85 ||   257
         Skin              |       |       |       |     3 ||     3
  Dodge: Dodged            |    31 |   174 |    78 |   183 ||   466

Table legend:
 A = Non-vault XP
 B = Vault XP
 C = Vault XP percentage of total XP
 D = Non-vault monster count
 E = Vault monster count
 F = Vault count percentage of total count
                 A         B        C        D         E       F
            +---------+---------+-------+---------+---------+-------
      Total |   23422 |    7924 |  25.3 |     247 |      71 |  22.3
            +---------+---------+-------+---------+---------+-------
        D:1 |      41 |       0 |   0.0 |      21 |       0 |   0.0
        D:2 |      54 |      37 |  40.7 |      29 |       1 |   3.3
        D:3 |      85 |       0 |   0.0 |      16 |       0 |   0.0
        D:4 |     295 |     197 |  40.0 |      29 |       1 |   3.3
        D:5 |     719 |      19 |   2.6 |      24 |       4 |  14.3
        D:6 |     599 |       0 |   0.0 |      13 |       0 |   0.0
        D:7 |     843 |     628 |  42.7 |      14 |       6 |  30.0
        D:8 |     696 |    1693 |  70.9 |      13 |       7 |  35.0
        D:9 |    2354 |     372 |  13.6 |      18 |       1 |   5.3
       D:10 |     452 |     974 |  68.3 |       2 |       9 |  81.8
     Lair:1 |    3957 |    2270 |  36.5 |      21 |       9 |  30.0
     Lair:2 |    3685 |     323 |   8.1 |      13 |       2 |  13.3
     Lair:3 |    9074 |    1189 |  11.6 |      32 |       2 |   5.9
     Lair:4 |     568 |       0 |   0.0 |       2 |       0 |   0.0
      Sewer |       0 |     222 | 100.0 |       0 |      29 | 100.0
            +---------+---------+-------+---------+---------+-------
